Cogmind - Beta 9.4 @@@ ROGUE MODE // 2020.01.30 @ 07:09:40 Player: Joshua Result: Destroyed by as-96354 with Assembled Maul Performance ------------- Evolutions (0) 0 Regions Visited (2) 400 Robots Destroyed (15) 75 Value Destroyed (298) 298 Prototype IDs (0) 0 Alien Tech Used (0) 0 Bonus (0) 0 TOTAL SCORE: 773 Bonus ------- None Cogmind --------- Core Integrity 0/250 Matter 300/300 Energy 99/100 System Corruption 1% Temperature Cool (0) Movement Core (50) Location -10/Mines Parts ------- > --- POWER (1) -------- (None) > --- PROPULSION (2) --- (None) > --- UTILITY (2) ------ (None) > --- WEAPON (2) ------- (None) > --- INVENTORY (4) ---- Light Treads Wheel Compact Wheel Structural Scanner Peak State ------------ > --- POWER ------------ Light Ion Engine > --- PROPULSION ------- Wheel Compact Wheel > --- UTILITY ---------- Small Storage Unit Utility Shielding > --- WEAPON ----------- Particle Gun Heavy Assault Rifle > --- INVENTORY -------- Ion Engine Light Treads Light Treads Aluminum Leg EM Pulse Gun Small Laser [Rating: 9] Favorites ----------- Power Light Ion Engine Engine Light Ion Engine Propulsion Wheel Treads Light Treads Wheel Wheel Utility Small Storage Unit Device Structural Scanner Storage Small Storage Unit Protection Utility Shielding Weapon Heavy Assault Rifle Energy Gun EM Pulse Gun Ballistic Gun Heavy Assault Rifle Build | -11 -10 -10 ------- Run | Scr Mat Min Slots Evolved . | . . . Power . | . . . Propulsion . | . . . Utility . | . . . Weapon . | . . . Parts Attached 25 | 7 8 10 Power 2 | 1 . 1 Engine 2 | 1 . 1 Core . | . . . Reactor . | . . . Propulsion 9 | 2 2 5 Treads 3 | . . 3 Leg . | . . . Wheel 6 | 2 2 2 Hover . | . . . Flight . | . . . Utility 4 | 1 2 1 Device 1 | . 1 . Storage 1 | 1 . . Processor . | . . . Hackware . | . . . Protection 2 | . 1 1 Artifact . | . . . Weapon 10 | 3 4 3 Energy Gun 5 | 2 2 1 Energy Cannon . | . . . Ballistic Gun 5 | 1 2 2 Ballistic Cannon . | . . . Launcher . | . . . Special Weapon . | . . . Impact Weapon . | . . . Slashing Weapon . | . . . Piercing Weapon . | . . . Special Melee Weapon . | . . . Unidentified Prototypes . | . . . Parts Lost 6 | . . 6 Power 1 | . . 1 Propulsion 2 | . . 2 Utility . | . . . Weapon 3 | . . 3 Highest Loss Streak 2 | . . 2 Average Slot Usage (%) 96 | . 98 95 Engine 13 | . 14 12 Treads 7 | . . 14 Wheel 20 | . 28 12 Device 1 | . 2 . Storage 14 | . 14 14 Protection 12 | . 10 14 Energy Gun 3 | . 7 . Ballistic Gun 23 | . 20 25 Naked Turns 5 | . . 5 Heaviest Build 16 | 11 14 16 Greatest Support 40 | 26 26 40 Greatest Overweight (x) 4 | . . 4 Average Overweight (x) . | . . . Largest Inventory Capacity 6 | 6 6 6 Average Capacity 5 | 5 6 5 Most Carried 6 | 6 6 6 Average Carried 5 | 3 5 5 Final Capacity 6 | 6 6 4 Final Carried 6 | 6 6 4 Class Distribution -------------------- 100% | Mutant Dominant Class ---------------- Mutant | -10/Materials Mutant | -10/Mines Resources | -11 -10 -10 ----------- Run | Scr Mat Min Matter Collected 629 | 262 152 215 Remotely . | . . . Salvage Created 490 | 62 269 159 Parts 30 | 1 22 7 Haulers Intercepted 1 | . 1 . Recyclers Shooed . | . . . Parts Field Recycled . | . . . Retrieved Matter . | . . . Parts Self-Destructed . | . . . Prevented . | . . . Kills | -11 -10 -10 ------- Run | Scr Mat Min Combat Hostiles Destroyed 12 | . 8 4 Guns 12 | . 8 4 Classes Destroyed 7 | 1 4 2 Builder 1 | . 1 . Hauler 1 | . 1 . Recycler 1 | 1 . . Swarmer 6 | . 6 . Grunt 4 | . 2 2 Demolisher 1 | . . 1 Assembled 1 | . . 1 Best Kill Streak 4 | 1 4 1 Combat Bots Only 4 | . 4 1 Max Kills in Single Turn 2 | 1 2 1 Gunslinging 1 | . 1 . Exploded . | . . . Melee . | . . . Uniques/NPCs Destroyed . | . . . Combat | -11 -10 -10 -------- Run | Scr Mat Min Damage Taken 1051 | . 318 733 Core 253 | . 80 173 Absorbed by Shields . | . . . Core Remaining (%) 100 | 100 . . Volleys Fired 43 | 3 19 21 Largest 2 | 2 2 2 Hottest 85 | 60 85 46 Shots Fired 79 | 6 38 35 Gun 79 | 6 38 35 Cannon . | . . . Launcher . | . . . Special . | . . . Kinetic 67 | 3 29 35 Thermal 9 | . 9 . Explosive . | . . . Electromagnetic 3 | 3 . . Robot Hit Streak 10 | 6 10 5 Robot Miss Streak 3 | . 2 3 Penetration Max . | . . . Secondary Targets 1 | . 1 . Max Gunslinging Chain 1 | . 1 . Shots Hit Robots 51 | 6 24 21 Core Hits 26 | 2 13 11 Critical Hits . | . . . Critical Kills . | . . . Critical Parts Destroyed . | . . . Melee Attacks . | . . . Impact . | . . . Slashing . | . . . Piercing . | . . . Sneak Attacks . | . . . Combat Hostiles . | . . . Follow-up Attacks . | . . . Damage Inflicted 736 | 78 342 316 Guns 736 | 78 342 316 Cannons . | . . . Explosions . | . . . Melee . | . . . Ramming . | . . . Kinetic 634 | 40 278 316 Thermal 64 | . 64 . Explosive . | . . . Electromagnetic 38 | 38 . . Impact . | . . . Slashing . | . . . Piercing . | . . . Highest Corruption 1 | . . 1 Average Corruption 1 | . . 1 Corruption Purged . | . . . Overload Shots . | . . . Overflow Damage . | . . . Projectiles . | . . . Explosions . | . . . Melee . | . . . Knockbacks . | . . . Impact . | . . . Kinetic . | . . . Secondary . | . . . Self-Inflicted Damage . | . . . Shots . | . . . Rammed . | . . . Targets Rammed . | . . . Kicked . | . . . Crushed . | . . . Highest Temperature 48 | . 48 22 Average Temperature 18 | . 22 10 Received Heat Transfer 171 | . 69 102 Siege Activations . | . . . Robots Corrupted . | . . . Combat Hostiles . | . . . Parts Fried . | . . . Impact Corruptions . | . . . Robots Melted . | . . . Combat Hostiles . | . . . Parts Melted . | . . . Heat Transferred 149 | . 149 . Parts Sabotaged . | . . . Parts Stolen . | . . . Parts Stripped . | . . . Power Chain Reactions . | . . . Missiles Intercepted . | . . . Alert | -11 -10 -10 ------- Run | Scr Mat Min Peak Influence 240 | 5 240 163 Average Influence 113 | 1 126 131 Maximum Alert Level 1 | . 1 . Low Security (%) 85 | 100 65 100 Level 1 14 | . 34 . Level 2 . | . . . Level 3 . | . . . Level 4 . | . . . Level 5 . | . . . High Security . | . . . Max Security . | . . . Squads Dispatched 1 | . 1 . Investigation 1 | . 1 . Extermination . | . . . Reinforcement . | . . . Assault . | . . . Garrison . | . . . Intercept . | . . . Construction Impeded . | . . . Haulers Reinforced . | . . . Stealth | -11 -10 -10 --------- Run | Scr Mat Min Distress Signals 1 | . 1 . Communications Jammed . | . . . Distress Signals . | . . . Times Spotted 27 | . 11 16 Peak Tracking Total 7 | . 5 7 Tactical Retreats 3 | . 2 1 Traps | -11 -10 -10 ------- Run | Scr Mat Min Traps Triggered 1 | . 1 . Indirectly . | . . . Trap Hack Attempts . | . . . Triggered . | . . . Disarmed . | . . . Reprogrammed . | . . . Reused . | . . . Traps Extracted . | . . . Installed . | . . . Triggered . | . . . Machines | -11 -10 -10 ---------- Run | Scr Mat Min Machines Disabled 1 | . . 1 Max in Single Turn 1 | . . 1 Machines Sabotaged . | . . . Garrisons Compromised . | . . . Overloaded Fab Kills . | . . . Fab Network Shutdowns . | . . . Hacking | -11 -10 -10 --------- Run | Scr Mat Min Machines Accessed 2 | . 2 . Terminals 1 | . 1 . Fabricators . | . . . Repair Stations . | . . . Recycling Units 1 | . 1 . Scanalyzers . | . . . Garrison Access . | . . . Total Hacks 4 | . 4 . Successful 2 | . 2 . Failed 2 | . 2 . Catastrophic . | . . . Database Lockouts . | . . . Manual 2 | . 2 . Terminals 3 | . 3 . Fabricators . | . . . Repair Stations . | . . . Recycling Units 1 | . 1 . Scanalyzers . | . . . Garrison Access . | . . . Terminal Hacks 1 | . 1 . Hauler Manifests 1 | . 1 . Fabricator Hacks . | . . . Repair Station Hacks . | . . . Recycling Unit Hacks . | . . . Scanalyzer . | . . . Garrison Access Hacks . | . . . Unauthorized Hacks 3 | . 3 . Terminals 1 | . 1 . Track 1 | . 1 . Fabricators . | . . . Repair Stations . | . . . Recycling Units . | . . . Scanalyzers . | . . . Garrison Access . | . . . Data Cores Recovered . | . . . Used . | . . . Hacking Detections 2 | . 2 . Full Trace Events . | . . . Feedback Events . | . . . Feedback Blocked . | . . . Robot Schematics Acquired . | . . . Robots Built . | . . . Matter . | . . . Time . | . . . Total Robot Build Rating . | . . . Part Schematics Acquired . | . . . Parts Built . | . . . Matter . | . . . Time . | . . . Total Part Build Rating . | . . . Parts Repaired . | . . . Time . | . . . Parts Recycled . | . . . Recycled Matter . | . . . Retrieved Matter . | . . . Retrieved Components . | . . . Parts Scanalyzed . | . . . Part Schematics Acquired . | . . . Parts Damaged . | . . . Bothacking | -11 -10 -10 ------------ Run | Scr Mat Min Used RIF Installer . | . . . Robots Hacked . | . . . Non-combat . | . . . Combat . | . . . Robot Hacks Applied . | . . . Relay Couplers Released . | . . . Robots Rewired . | . . . Allies Hacked . | . . . Hacks Repelled . | . . . Allies | -11 -10 -10 -------- Run | Scr Mat Min Total Allies . | . . . Largest Group . | . . . Highest-Rated Group . | . . . Highest-Rated Ally . | . . . Total Orders . | . . . Ally Attacks . | . . . Total Damage . | . . . Kills . | . . . Allies Corrupted . | . . . Allies Melted . | . . . Intel | -11 -10 -10 ------- Run | Scr Mat Min Robot Analysis Total . | . . . Derelict Logs Recovered 1 | . . 1 Drone Launches . | . . . Drone Recoveries . | . . . Exploration | -11 -10 -10 ------------- Run | Scr Mat Min Turns Passed 485 | 58 207 220 Spaces Moved 318 | 37 129 152 Core 13 | 1 . 12 Treads 6 | . . 6 Legs . | . . . Wheels 299 | 36 129 134 Hover . | . . . Flight . | . . . Fastest Speed 50 | 50 80 50 Average Speed 89 | 89 87 90 Slowest Speed 250 | 100 90 250 Overloaded Moves . | . . . Propulsion Burnouts . | . . . Robots Hopped . | . . . Cave-ins Triggered . | . . . Exploration Rate (%) 22 | 3 27 36 Regions Visited 2 Branch Regions 1 Pre-discovered Areas . | . . . Known Exits Taken . | . . . Unknown Exits Taken 2 | 1 1 . Scrap Searched 2 | . . 2 Spaces Dug . | . . . Terrain Destroyed . | . . . Melee . | . . . Projectile . | . . . AOE . | . . . Actions | -11 -10 -10 --------- Run | Scr Mat Min Total 434 | 52 186 196 Wait 30 | . 20 10 Move 316 | 36 128 152 Hop . | . . . Pick Up 12 | 6 3 3 Fast Attach 9 | 6 3 . Attach 3 | . . 3 Detach . | . . . Swap 13 | 1 5 7 Drop 8 | . 8 . Fire 43 | 3 19 21 Melee . | . . . Ram . | . . . Kick . | . . . Crush . | . . . Escape Stasis . | . . . Rewire . | . . . Trap . | . . . Miscellaneous . | . . . Route ------- -11/Scrapyard -10/Materials -10/Mines (discovered 1 exit: Mat) History --------- Turn | Location | Event 26 | -11/Scrapyard | Discovered new exit (range 16) 59 | -11/Scrapyard | Entered Materials 246 | -10/Materials | Discovered new exit (range 6) 266 | -10/Materials | Entered Mines 311 | -10/Mines | Build established: Mutant 406 | -10/Mines | Assembled infested the area 407 | -10/Mines | Identified exit to Materials 449 | -10/Mines | Core integrity fell below 50% 481 | -10/Mines | Released all parts (4) 485 | -10/Mines | Core integrity fell below 20% 486 | -10/Mines | Destroyed by as-96354 with Assembled Maul Last Messages --------------- 00452_ U-05 Engineer lays Concrete. 00453_ The unstable cave ceiling collapses. 00453_ U-05 Engineer lays Concrete. 00456_ The unstable cave ceiling collapses. 00461_ Acquired 55 matter. 00463_ The unstable cave ceiling collapses. 00464_ Core Extractor disabled. 00468_ The unstable cave ceiling collapses. 00470_ as-56033 destroyed. 00475_ Acquired Wheel. 00476_ Acquired 13 matter. 00476_ Wheel destroyed. 00481_ Lgt. Treads destroyed. 00481_ System corrupted by crushing effect (+1). 00481_ Knocked back. 00481_ Released Hvy. Assault Rifle. 00481_ Released Ion Engine. 00481_ Released Utility Shielding. 00481_ Released Sml. Storage Unit. 00482_ Knocked back. Map ----- +----------------------------------------------------+ | ?????????????????????????????????????????????????? | | ?????????????????????????????????????????????????? | | ?????????????????????????????????????????????????? | | ?????????????????????????????????????????????????? | | ?????????????????????????????????????????????????? | | ?????????????????????????????????????????????????? | | ?????????????????????????????????????????????????? | | ?????????????????????????????????????????????????? | | ?????????????????????????????????????????????????? | | ?????????????????????????????????????????????????? | | ??????????????????????